AoeStats
← Iguano Pop

MegaRandom

505809591Analyzed
1v1 RM · 22d ago on Sep 11, 2026· 24m 43s· 2 players
Game mode
Random Map
Map size
Tiny (2 player)
Population
200
Speed
Normal
Resources
Standard
Victory
Conquest
Starting age
Dark Age
Ending age
Imperial Age
RankedLock teamsTeams togetherTeam positionsShared explorationLock speedFull tech treeHidden civsTurbo modeCheats
Victory
Defeat
🇲🇽 Saracens · Mexico
1279
+14
🇳🇱 Celts · Netherlands
1245
-14
You are momma
6:18 Loom
11:39 Feudal Age
11:47 Man-at-Arms
12:25 Double-Bit Axe
12:25 Horse Collar
17:27 Padded Archer Armor
17:20 Fletching
Iguano Pop
7:29 Loom
9:40 Feudal Age
11:02 Double-Bit Axe
15:20 Fletching
17:12 Padded Archer Armor
27:17 Castle Age
Connection lost

Rejoining the realm…

Still unreachable

The connection could not be restored.

Session expired

The server has moved on; the page needs a fresh start.